 Dungeon Crawl Stone Soup version 0.18-a0-1721-gc4d1f22 (webtiles) character file.

285 Galixin the Bolt Thrower (level 6, -4/45 HPs)
             Began as a Human Hunter on Apr 9, 2016.
             Was an Initiate of Ru.
             Slain by a scorpion (6 damage)
             ... on level 5 of the Dungeon.
             The game lasted 00:14:06 (2985 turns).

Galixin the Bolt Thrower (Human Hunter)             Turns: 2985, Time: 00:14:08

Health: -4/45      AC:  3    Str: 13    XL:     6   Next: 55%
Magic:  6/6        EV: 12    Int: 11    God:    Ru [......]
Gold:   185        SH:  0    Dex: 15    Spells: 0 memorised, 5 levels left

rFire  . . .     SeeInvis .     b - +0 short sword
rCold  . . .     Gourm    .     c - +0 leather armour
rNeg   . . .     Faith    .     (no shield)
rPois  .         Spirit   .     (no helmet)
rElec  .         Dismiss  .     (no cloak)
rCorr  .         Reflect  .     (no gloves)
SustAt .         Harm     .     (no boots)
MR     .....                    (no amulet)
Stlth  +.........               (no ring)
                                (no ring)

@: drained, not resistant to hostile enchantments, very unstealthy
A: no striking features
a: Renounce Religion


You were on level 5 of the Dungeon.
You worshipped Ru.
Ru was noncommittal.
You were not hungry.

You visited 1 branch of the dungeon, and saw 5 of its levels.

You collected 185 gold pieces.

Inventory:

Hand Weapons
 a - a +2 hand crossbow
 b - a +0 short sword (weapon)
 g - a +3 falchion
Missiles
 d - 2 bolts
Armour
 c - a +0 leather armour (worn)
Potions
 i - a potion of lignification
 j - a potion of agility
Comestibles
 f - a slice of pizza


   Skills:
 + Level 2.3(2.1) Fighting
 * Level 1.3(1.2) Short Blades
 + Level 0.2(0.7) Long Blades
 + Level 6.2(6.1) Crossbows
 + Level 2.1(1.9) Armour
 + Level 2.2(2.1) Dodging
 + Level 1.7(1.5) Stealth


You had 5 spell levels left.
You didn't know any spells.

Dungeon Overview and Level Annotations

Branches:
Dungeon (5/15)
 Temple: D:4-7

Altars:
Qazlal
Ru
Xom
Yredelemnul


Message History

You hit the scorpion.
The scorpion is moderately wounded.
The scorpion stings you.
You closely miss the scorpion.
The scorpion is moderately wounded.
The scorpion stings you!
* * * LOW HITPOINT WARNING * * *
You hit the scorpion but do no damage.
The scorpion is moderately wounded.
The scorpion stings you!
* * * LOW HITPOINT WARNING * * *
You enter the shallow water.
Moving in this stuff is going to be slow.
The scorpion closely misses you.
Your unstable footing causes you to fumble your attack.
The scorpion misses you.
You hit the scorpion but do no damage.
The scorpion is moderately wounded.
The scorpion stings you.
You die...

#.............#
#.............##
#..............######
#...................#.
#####..........###......§.
#.......#######.####.####.
#......#..≈≈≈..#..........
#.....#..≈...≈..#.####....
#....#...@s_.≈...#.# ###.
#.....#..≈...≈..#.##
#....#.#..≈≈≈..#.##
#....##.#######..#
##.#####.. ....# #..#
........$#
#.#######.......#. #.#
............... #.##..##
.........?.


You could see a scorpion.

Vanquished Creatures
  A worker ant (D:4)
  2 orc wizards
  A worker ant zombie (D:5)
  5 adders
  An ooze (D:3)
  3 worms
  A giant gecko (D:3)
  5 orcs
  2 giant cockroaches
  2 gnoll zombies (D:2)
  4 goblins
  8 hobgoblins
  4 jackals
  2 ball pythons
  7 bats
  A giant gecko zombie (D:4)
  3 giant newts
  8 kobolds
  8 rats
68 creatures vanquished.

Vanquished Creatures (others)
  A sky beast (D:4)
1 creature vanquished.

Grand Total: 69 creatures vanquished

Notes
Turn   | Place    | Note
--------------------------------------------------------------
     0 | D:1      | Galixin the Human Hunter began the quest for the Orb.
     0 | D:1      | Reached XP level 1. HP: 16/16 MP: 1/1
   469 | D:1      | Reached XP level 2. HP: 22/22 MP: 2/2
   864 | D:2      | Reached XP level 3. HP: 27/27 MP: 3/3
   987 | D:2      | Found a stormy altar of Qazlal.
  1019 | D:2      | Became a worshipper of Qazlal Stormbringer
  1202 | D:2      | Reached skill level 5 in Crossbows
  1216 | D:2      | Found a basalt altar of Yredelemnul.
  1467 | D:2      | Reached XP level 4. HP: 33/33 MP: 4/4
  1523 | D:2      | You fall through a shaft!
  1541 | D:3      | Reached skill level 1 in Armour
  1741 | D:3      | Reached XP level 5. HP: 32/38 MP: 5/5
  1751 | D:3      | Reached * piety under Qazlal
  1864 | D:3      | Found a shimmering altar of Xom.
  1865 | D:3      | Found a shimmering altar of Xom.
  1867 | D:3      | Found a shimmering altar of Xom.
  1867 | D:3      | Found a shimmering altar of Xom.
  2494 | D:4      | Noticed a sky beast
  2497 | D:4      | Reached skill level 6 in Crossbows
  2516 | D:4      | Reached XP level 6. HP: 20/44 MP: 6/6
  2590 | D:5      | Entered Level 5 of the Dungeon
  2868 | D:5      | Noticed a sky beast
  2888 | D:4      | Killed a sky beast
  2888 | D:4      | Reached skill level 1 in Short Blades
  2927 | D:5      | Found a sacrificial altar of Ru.
  2976 | D:5      | Fell from the grace of Qazlal
  2976 | D:5      | Became a worshipper of Ru the Awakened
  2982 | D:5      | HP: 2/45 [scorpion (7)]
  2985 | D:5      | Slain by a scorpion

Vault maps used:
D:1:      dpeg_arrival_round_a
D:2:      lemuel_zombie_altar_yredelemnul, nicolae_overflow_crystal_walls,
          first_bread
D:3:      xom_redecorated
D:4:      minmay_temple_entry_poolview, portal_sewer_entry_d
D:5:      nicolae_ru_awakened_eye

Skill      XL: |  1  2  3  4  5  6 |
---------------+-------------------+-----
Crossbows      | 5 6 |  6.2
Armour         | 1 2 |  2.1
Short Blades   | 1 |  1.3
Fighting       | |  2.3
Long Blades    | |  0.2
Dodging        | |  2.2
Stealth        | |  1.7

Action                   |  1- 3 |  4- 6 || total
-------------------------+-------+-------++-------
Melee: Short sword       |     3 |    60 ||    63
       Falchion          |       |    10 ||    10
 Fire: Hand crossbow     |    68 |    72 ||   140
  Use: Scroll            |       |     9 ||     9
       Potion            |       |     2 ||     2
  Eat: Chunk             |     1 |     1 ||     2
       Bread ration      |     1 |       ||     1
